 Dungeon Crawl Stone Soup version 0.30.0-5-g1a98f26d00 (webtiles) character file.

Game seed: 8213227105846386890

2579 hawla the Arsonist (level 10, -5/71 HPs)
             Began as a Meteoran Fire Elementalist on May 10, 2023.
             Slain by a catoblepas (20 damage)
             ... on level 10 of the Dungeon on May 11, 2023.
             The game lasted 00:17:30 (2231 turns).

hawla the Arsonist (Meteoran Fire Elementalist)     Turns: 2231, Time: 00:17:30

Health: -5/71      AC:  4    Str: 10    XL:     10   Next: 12%
Magic:  10/21      EV: 13    Int: 21    God:
Gold:   127        SH:  0    Dex: 15    Spells: 16/23 levels left

rFire   + . .        p - +3 quarterstaff (chaos)
rCold   x . .        (shield currently unavailable)
rNeg    . . .        a - +0 robe
rPois   .            c - +0 helmet
rElec   .            q - +0 cloak
rCorr   .            (no gloves)
SInv    +            (no boots)
Will    +....        (no amulet)
Stlth   +            l - ring of see invisible
HPRegen 0.31/turn    w - ring of fire
MPRegen 0.17/turn

%: no passive effects
@: glowing
A: sense surroundings 2, otherworldly, glowing, explore regen
a: no special abilities


You were on level 10 of the Dungeon.
You visited 1 branch of the dungeon, and saw 8 of its levels.

You collected 243 gold pieces.
You spent 116 gold pieces at shops.

Inventory:

Hand Weapons
 p - a +3 quarterstaff of chaos (weapon)
Armour
 a - a +0 robe (worn)
 c - a +0 helmet (worn)
 q - a +0 cloak (worn)
Jewellery
 l - a ring of see invisible (left hand)
 w - a ring of fire (right hand)
Wands
 b - a wand of iceblast (3)
 r - a wand of flame (23) (quivered)
Scrolls
 i - a scroll of vulnerability {unknown}
 k - a scroll of brand weapon {unknown}
 m - 2 scrolls of immolation {unknown}
 s - a scroll of amnesia {unknown}
 u - a scroll of fear {unknown}
 v - a scroll of blinking {unknown}
 x - a scroll of poison {unknown}
 y - a scroll of fog {unknown}
 A - a scroll of enchant armour {unknown}
Potions
 d - 2 potions of attraction
 e - a potion of flight
 g - a potion of heal wounds
 h - a potion of ambrosia
 n - a potion of berserk rage {unknown}
 o - a potion of brilliance {unknown}
 t - a potion of mutation {unknown}
 z - a potion of might {unknown}


   Skills:
 + Level 1.3 Fighting
 + Level 7.8 Staves
 + Level 4.0 Dodging
 - Level 1.4 Stealth
 + Level 7.2 Spellcasting
 + Level 7.6 Conjurations
 + Level 8.1 Fire Magic


You had 16 spell levels left.
You knew the following spells:

 Your Spells              Type           Power      Damage    Failure   Level
a - Foxfire               Conj/Fire      100%       2x1d9     1%          1
b - Scorch                Fire           100%       2d9       1%          2
c - Flame Wave            Conj/Fire      57%        2d14      3%          4

Your spell library contained the following spells:

 Spells                   Type           Power      Damage    Failure   Level
 Inner Flame              Hex/Fire       36%        N/A       4%          3
 Volatile Blastmotes      Fire/Tloc      72%        2d16      4%          3
 Stone Arrow              Conj/Erth      46%        3d9       5%          3
 Sandblast                Erth           14%        2d6       9%          1
 Passwall                 Tmut/Erth      5%         N/A       13%         2


Dungeon Overview and Level Annotations

Branches:
Dungeon (10/15) Zot: 2548
 Temple: D:4-7         Lair: D:8-11         Orc: D:9-12

Altars:
Ashenzari
Nemelex Xobeh
Zin

Shops:
D:5 *

Annotations:
D:9 exclusion: orange crystal statue, Maggie


Innate Abilities, Weirdness & Mutations

You passively map the area around you.
You are easily found by Zot.
You glow in the dark.
You regain HP and MP as you explore.


Message History

Casting: Scorch (safe; 1% risk of failure)
Confirm with . or Enter, or press ? or * to list all spells.
You feel a surge of power!
Flames lash the catoblepas.
The catoblepas is burned terribly!
The catoblepas is moderately wounded.
The catoblepas closely misses you.
Unknown command.
Casting: Scorch (safe; 1% risk of failure)
Confirm with . or Enter, or press ? or * to list all spells.
You feel a surge of power!
Flames lash the catoblepas.
The catoblepas is burned terribly!
The catoblepas is heavily wounded.
The catoblepas gores you!!
Unknown command.
Casting: Scorch (safe; 1% risk of failure)
Confirm with . or Enter, or press ? or * to list all spells.
You feel a surge of power!
Flames lash the catoblepas.
The catoblepas is burned terribly!
The catoblepas is severely wounded.
The catoblepas breathes a plume of calcifying dust at you.
The blast of calcifying dust hits you! The catoblepas gores you.
Casting: Scorch (safe; 1% risk of failure)
Confirm with . or Enter, or press ? or * to list all spells.
You feel a surge of power!
You conjure some foxfire!
The catoblepas gores you!
* * * LOW HITPOINT WARNING * * *
Casting: Foxfire (safe; 1% risk of failure)
Confirm with . or Enter, or press ? or * to list all spells.
You feel a surge of power!
Flames lash the catoblepas.
The catoblepas is burned terribly!
The catoblepas is severely wounded.
The foxfire hits the catoblepas!
The catoblepas is burned terribly!
The catoblepas is almost dead.
The foxfire hits the catoblepas but does no damage.
The catoblepas is almost dead.
The catoblepas breathes a plume of calcifying dust at you.
The blast of calcifying dust hits you.
* * * LOW HITPOINT WARNING * * *
The catoblepas gores you!!
You die...

, ,*
*#.......###....# ,
##............## ,,*
##..............# ,
,**
###.......##......#
,,
*#......#..######..#
* ,,...##..§# #### ,
.. ##.§.# , ,
,#*##.§..# , ,*
*#.Y@§§# , ,, ,
#........#
..........# , ,
....#......# ,
,..#####....# , ##*
##.... * * * #....
** , , * #.... , * ,
* **


You could see a catoblepas (combustible).

Vanquished Creatures
  Sigmund (D:5)
  Grum (D:5)
  A steam dragon (D:9)
  An acid dragon (D:9)
  A water moccasin (D:5)
  An ice beast (D:6)
  An orc warrior (D:9)
  A centaur (D:6)
  A phantom (D:5)
  4 gnoll sergeants
  3 killer bees (D:9)
  Crazy Yiuf (D:4)
  A jelly (D:6)
  15 hounds (D:5)
  2 orc priests
  3 gnoll boudas (D:5)
  4 orc wizards
  Natasha (D:2)
  33 gnolls
  5 adders
  2 white imps (D:5)
  2 ufetubi
  16 orcs
  8 bats
  3 endoplasms (D:4)
  A giant cockroach (D:4)
  A goblin (D:4)
  2 hobgoblins (D:4)
  4 jackals
  2 kobolds (D:4)
  2 quokkas
  4 ball pythons
  A frilled lizard (D:1)
  A rat (D:2)
130 creatures vanquished.

Vanquished Creatures (collateral kills)
  3 foxfires (D:1)
3 creatures vanquished.

Vanquished Creatures (others)
  254 foxfires
254 creatures vanquished.

Grand Total: 387 creatures vanquished

Notes
Turn   | Place    | Note
-------+----------+-------------------------------------------
     0 | D:1      | hawla the Meteoran Fire Elementalist began the quest for
                  | the Orb.
     0 | D:1      | Reached XP level 1. HP: 14/14 MP: 5/5
   177 | D:1      | Reached XP level 2. HP: 20/20 MP: 3/6
   180 | D:1      | Learned a level 2 spell: Scorch
   249 | D:1      | Reached skill level 4 in Fire Magic
   358 | D:2      | Noticed Natasha
   362 | D:2      | Killed Natasha
   363 | D:2      | Reached XP level 3. HP: 14/26 MP: 2/8
   424 | D:4      | Reached XP level 4. HP: 28/33 MP: 0/9
   572 | D:4      | Found a glowing silver altar of Zin.
   651 | D:4      | Learned a level 4 spell: Flame Wave
   659 | D:4      | Found a runed translucent door.
   661 | D:4      | Noticed Crazy Yiuf
   668 | D:4      | Killed Crazy Yiuf
   669 | D:4      | Reached skill level 5 in Fire Magic
   669 | D:4      | Reached XP level 5. HP: 15/38 MP: 5/11
   851 | D:4      | Reached XP level 6. HP: 35/45 MP: 1/13
  1112 | D:5      | Entered Level 5 of the Dungeon
  1112 | D:5      | Found a broken altar of Ashenzari.
  1117 | D:5      | Reached skill level 1 in Staves
  1124 | D:5      | Reached XP level 7. HP: 50/50 MP: 4/14
  1143 | D:5      | Identified the +0 ring mail of Bedevilment {-Tele rElec
                  | Will++ rCorr}
  1211 | D:5      | Reached skill level 5 in Conjurations
  1256 | D:5      | Found Webaug's Assorted Antiques.
  1260 | D:5      | Bought 2 cyan potions for 36 gold pieces
  1260 | D:5      | Bought a glowing copper wand for 80 gold pieces
  1279 | D:5      | Reached XP level 8. HP: 57/57 MP: 3/15
  1412 | D:5      | Reached skill level 5 in Staves
  1449 | D:5      | Noticed Grum
  1458 | D:5      | Killed Grum
  1577 | D:5      | Gained mutation: You passively map the area around you.
                  | [Meteoran growth]
  1577 | D:5      | Reached XP level 9. HP: 18/63 MP: 2/17
  1582 | D:5      | Reached skill level 6 in Fire Magic
  1632 | D:5      | Noticed Sigmund
  1639 | D:5      | Killed Sigmund
  1640 | D:5      | Reached skill level 5 in Spellcasting
  1734 | D:5      | Reached skill level 1 in Fighting
  1935 | D:6      | Reached skill level 7 in Fire Magic
  2065 | D:6      | You fall into a shaft and drop 3 floors!
  2104 | D:9      | Reached XP level 10. HP: 71/71 MP: 6/21
  2128 | D:9      | Found a sparkling altar of Nemelex Xobeh.
  2135 | D:9      | Noticed an orange crystal statue
  2136 | D:9      | Noticed Maggie
  2138 | D:9      | Noticed a rakshasa
  2142 | D:9      | Noticed a boulder beetle
  2186 | D:9      | Reached skill level 8 in Fire Magic
  2194 | D:10     | Entered Level 10 of the Dungeon
  2219 | D:10     | Noticed a catoblepas
  2231 | D:10     | Slain by a catoblepas

Illustrated notes

Levels and vault maps discovered:
D:1:      minmay_arrival_up_and_down, layout_loops_corners, serial_bayou,
          serial_bayou_lake_a, serial_bayou_crossing, serial_bayou_shore_a,
          serial_bayou_lagoon_a, serial_bayou_ford_a
D:2:      layout_loops_corners, uniq_natasha
D:3:      layout_rooms, nicolae_kikubaaqudgha_miasma_corner,
          hangedman_decor_points, uniq_ijyb
D:4:      kennysheep_six_static_rooms, layout_loops_ring, zin_statuary,
          uniq_crazy_yiuf_cottage
D:5:      layout_cave_pools, nicolae_ashenzari_skybound, serial_gnoll_camp,
          gnoll_camp_medium_01, grums_kennel, gnoll_camp_mini_shop,
          gnoll_camp_huts_moat, abandoned_shop, uniq_sigmund
D:6:      layout_basic, lemuel_round_altar, lightli_sewer_entry_pipes,
          uniq_blork_the_orc
D:9:      layout_basic, lemuel_tele_altar, nzn_wu_jian_contemplation,
          minivault_24, minivault_15, uniq_prince_ribbit1, uniq_maggie
D:10:     layout_layer_cave, uniq_fannar

Skill      XL: |  1  2  3  4  5  6  7  8  9 10 |
---------------+-------------------------------+-----
Fire Magic     | 4 5 7 8 |  8.1
Spellcasting   | 3 4 6 7 |  7.2
Dodging        | 3 4 |  4.0
Conjurations   | 2 3 5 6 7 |  7.6
Staves         | 2 4 7 |  7.8
Fighting       | 1 |  1.3
Stealth        | |  1.4

Action                     |  1- 3 |  4- 6 |  7- 9 | 10-12 || total
---------------------------+-------+-------+-------+-------++-------
  Melee: Unarmed           |    10 |     4 |       |       ||    14
         Mace              |       |     1 |       |       ||     1
         Quarterstaff      |       |     5 |    19 |       ||    24
   Cast: Foxfire           |    26 |    24 |    97 |     2 ||   149
         Scorch            |     3 |    17 |    21 |    10 ||    51
         Flame Wave        |       |     3 |    13 |     2 ||    18
    Use: Scroll            |       |     1 |       |     2 ||     3
         Potion            |       |       |     4 |     3 ||     7
 Armour: Robe              |     8 |     3 |    12 |     2 ||    25
  Dodge: Dodged            |    17 |     6 |    50 |     9 ||    82
